 Dungeon Crawl Stone Soup version 0.19.1 (webtiles) character file.

74 Gargoyl the Skirmisher (level 4, 0/40 HPs)
             Began as a Draconian Abyssal Knight on Dec 3, 2016.
             Was a Believer of Lugonu.
             Slain by a gnoll
             ... wielding a +0 whip
              (3 damage)
             ... on level 1 of the Dungeon.
             The game lasted 00:04:36 (2186 turns).

Gargoyl the Skirmisher (Draconian Abyssal Knight)   Turns: 2186, Time: 00:04:37

Health: 0/40       AC:  5    Str: 15    XL:     4   Next: 10%
Magic:  5/5        EV: 18    Int: 17    God:    Lugonu [**....]
Gold:   112        SH:  0    Dex: 16    Spells: 0 memorised, 3 levels left

rFire  + + .     SeeInvis .     a - +1 hand axe
rCold  + . .     Gourm    .     (armour unavailable)
rNeg   . . .     Faith    .     (no shield)
rPois  +         Spirit   .     (helmet restricted)
rElec  +         Reflect  .     (no cloak)
rCorr  +         Harm     .     (no gloves)
MR     .....                    (no boots)
Stlth  +++.......               (no amulet)
                                (no ring)
                                c - ring of protection from fire

@: brilliant, agile, resistant
A: unfitting armour, cold-blooded, AC +5
a: Depart the Abyss, Bend Space, Renounce Religion


You were on level 1 of the Dungeon.
You worshipped Lugonu.
Lugonu was pleased with you.
You were not hungry.

You visited 1 branch of the dungeon, and saw 2 of its levels.
You visited the Abyss 1 time.

You collected 112 gold pieces.

Inventory:

Hand Weapons
 a - a +1 hand axe (weapon)
 o - a +1 mace of holy wrath
Jewellery
 c - a ring of protection from fire (left hand)
Scrolls
 e - a scroll of random uselessness {unknown}
 h - a scroll of recharging {unknown}
 i - a scroll of remove curse
 j - a scroll of identify
 l - a scroll of teleportation
 n - 2 scrolls of fog {unknown}
Potions
 g - a potion of resistance
Comestibles
 b - 6 bread rations
 d - 2 meat rations
 f - 2 fruits


   Skills:
 + Level 4.0 Fighting
 + Level 3.0 Axes
 + Level 2.9 Dodging
 + Level 0.6 Stealth
 + Level 2.0 Invocations


You had 3 spell levels left.
You didn't know any spells.

Dungeon Overview and Level Annotations

Branches:
Dungeon (2/15)

Altars:


Innate Abilities, Weirdness & Mutations

Your plain brown scales are hard. (AC +5)
You cannot fit into any form of body armour.
You are cold-blooded and may be slowed by cold attacks.


Message History

You feel clever all of a sudden. The gnoll misses you.
It was a potion of agility.
You feel agile all of a sudden. The gnoll completely misses you.
You hit the gnoll.
The gnoll is heavily wounded.
The gnoll barely misses you.
You hit the gnoll.
The gnoll is heavily wounded.
The gnoll completely misses you.
You hit the gnoll but do no damage.
You tail-slap the gnoll, but do no damage.
The gnoll is heavily wounded.
The gnoll hits you with a whip!
* * * LOW HITPOINT WARNING * * *
You hit the gnoll but do no damage.
The gnoll is heavily wounded.
The gnoll hits you with a whip.
You die...

.......# #♣.♣#.# #.# .......#
♣.♣#.# #.# .......# ♣.♣#.# #.#
.......# ♣.♣#.# #.#
.......####♣.♣#.# #.#
#.........#♣.♣#.###.#
#########.#♣.♣#..##.#
......(.#.#♣<♣#.....##########
........#.#♣.♣##@g...........#
........#.#♣.♣##.#########.###
....)...'.#♣.♣#....# #.#
........###♣.♣####.#######.#
........# ♣.♣ #.........#
........# ♣.♣ ###########
.......)###♣.♣#
..........#...#
........#÷...##


You could see a gnoll.

Vanquished Creatures
  A gnoll (D:1)
  An adder (D:2)
  2 dart slugs (D:1)
  A leopard gecko (D:1)
  8 bats
  2 giant cockroaches
  12 goblins
  8 hobgoblins
  4 kobolds
  A quokka (D:2)
  3 frilled lizards
  5 rats
48 creatures vanquished.

Notes
Turn   | Place    | Note
-------+----------+-------------------------------------------
     0 | Abyss:1  | Gargoyl the Draconian Abyssal Knight began the quest for the Orb.
     0 | Abyss:1  | Reached XP level 1. HP: 19/19 MP: 2/2
    25 | Abyss:1  | Found a corrupted altar of Lugonu.
    64 | Abyss:2  | Noticed a thrashing horror
    90 | Abyss:2  | Noticed a worldbinder
    96 | Abyss:2  | Noticed a deep elf mage
    97 | D:1      | Escaped the Abyss
   117 | D:1      | Reached * piety under Lugonu
   141 | D:1      | Reached XP level 2. HP: 11/26 MP: 3/3
   902 | D:1      | Reached XP level 3. HP: 28/31 MP: 4/4
  1534 | D:2      | Reached ** piety under Lugonu
  1869 | D:2      | Reached skill level 4 in Fighting
  1874 | D:2      | Reached XP level 4. HP: 26/40 MP: 5/5
  2186 | D:1      | Slain by a gnoll

Skill      XL: |  1  2  3 |
---------------+----------+-----
Axes           | 3 |  3.0
Fighting       | 4 |  4.0
Dodging        | |  2.9
Stealth        | |  0.6
Invocations    | |  2.0

Action                   |  1- 3 |  4- 6 || total
-------------------------+-------+-------++-------
Melee: Hand axe          |   146 |    25 ||   171
       Tailslap          |    11 |     2 ||    13
Invok: Depart the Abyss  |     1 |       ||     1
  Use: Scroll            |     3 |       ||     3
       Potion            |       |     3 ||     3
  Eat: Chunk             |     3 |     1 ||     4
Armor: Skin              |    62 |    11 ||    73
Dodge: Dodged            |   105 |    19 ||   124
